 Dungeon Crawl Stone Soup version 0.24.1 (webtiles) character file.

Game seed: 4439649855385087692, levelgen mode: deterministic

95 BadBadger the Ruffian (level 4, -8/38 HPs)
             Began as a Draconian Transmuter on Mar 29, 2020.
             Was a Follower of Elyvilon.
             Mangled by an ogre
             ... wielding a +0 giant club
              (16 damage)
             ... on level 3 of the Dungeon.
             The game lasted 00:08:47 (1561 turns).

BadBadger the Ruffian (Draconian Transmuter)        Turns: 1561, Time: 00:08:48

Health: -8/38      AC:  6    Str: 13    XL:     4   Next: 40%
Magic:  16/16      EV: 12    Int: 14    God:    Elyvilon [*.....]
Gold:   97         SH:  0    Dex: 11    Spells: 4/7 levels left

rFire    . . .     SeeInvis .     - Unarmed
rCold    . . .     Gourm    .   (no shield)
rNeg     . . .     Faith    +   (armour unavailable)
rPois    .         Spirit   .   (helmet restricted)
rElec    .         Reflect  .   m - +0 cloak
rCorr    .         Harm     .   (no gloves)
MR       .....                  (no boots)
Stlth    +.........             e - amulet of faith
HPRegen  0.12/turn              b - ring of magical power
MPRegen  0.15/turn              (no ring)

@: confused, very slightly contaminated
A: unfitting armour, cold-blooded, AC +5
a: Lesser Healing, Divine Protection, Renounce Religion


You were on level 3 of the Dungeon.
You worshipped Elyvilon.
Elyvilon was aware of your devotion.
You were not hungry.

You visited 1 branch of the dungeon, and saw 3 of its levels.

You collected 97 gold pieces.

Inventory:

Missiles
 a - 6 arrows
Armour
 m - a +0 cloak (worn)
Jewellery
 b - a ring of magical power (left hand)
 e - an amulet of faith (around neck)
Wands
 n - a wand of polymorph (7)
Scrolls
 d - a scroll of immolation {unknown}
 f - a scroll of random uselessness {unknown}
 g - a scroll of identify {unknown}
 h - a scroll of enchant armour {unknown}
 k - a scroll of teleportation {unknown}
Potions
 i - a potion of invisibility {unknown}
Comestibles
 c - 4 rations


   Skills:
 + Level 3.4 Fighting
 - Level 1.7 Dodging
 + Level 4.2 Unarmed Combat
 - Level 2.0 Spellcasting
 - Level 2.0 Transmutations


You had 4 spell levels left.
You knew the following spells:

 Your Spells              Type           Power        Failure   Level  Hunger
a - Beastly Appendage     Tmut           #.....       11%         1    ##.....
b - Sticks to Snakes      Tmut           #.......     16%         2    ###....

Your spell library contained the following spells:

 Spells                   Type           Power        Failure   Level  Hunger
 Spider Form              Tmut/Pois      #.........   43%         3    ####...
 Ice Form                 Ice/Tmut       #.......     83%         4    #####..
 Blade Hands              Tmut           #.........   96%         5    ######.


Dungeon Overview and Level Annotations

Branches:
Dungeon (3/15)

Altars:
Elyvilon
Makhleb
Sif Muna
The Shining One

Annotations:
D:3 Sigmund


Innate Abilities, Weirdness & Mutations

Your plain brown scales are hard. (AC +5)
You cannot fit into any form of body armour.
You are cold-blooded and may be slowed by cold attacks.


Message History

It was a potion of ambrosia.
You are more confused.
You feel invigorated. Sigmund asks, "Do you like me?"
Sigmund hits you from afar with a +0 scythe!
Okay, then.
You bump into the rock wall.
The ogre hits you with a +0 giant club!
* * * LOW HITPOINT WARNING * * *
You bump into the rock wall.
You feel less invigorated. The ogre closely misses you.
Sigmund barely misses you.
You bump into the rock wall.
The ogre hits you with a +0 giant club!
* * * LOW HITPOINT WARNING * * *
Sigmund gestures at you while chanting. The puff of flame hits you.
Elyvilon protects you from harm!
You're too confused to move!
Sigmund hits you but does no damage.
You're too confused!
You are more confused.
You feel invigorated. The ogre hits you with a +0 giant club!
You die...

#.#... ##.#.#
#....##.#
#####.......#
#.....#######
####.##### #######
#####..<)...# #.....#
.=..#.......####.....#
............#lrO@@...#
....#.l.....#.##.....#
#####.......#.##.....#
#.......#r########
#.....r...#
####.###### ....
#.##.## # #.#


You could see Sigmund, an ogre, a frilled lizard and a rat.

Vanquished Creatures
  Crazy Yiuf (D:2)
  Terence (D:3)
  4 dart slugs
  2 giant cockroaches (D:1)
  6 goblins
  6 hobgoblins
  2 jackals (D:2)
  A kobold (D:2)
  6 bats
  2 frilled lizards
  4 rats
35 creatures vanquished.

Vanquished Creatures (collateral kills)
  Jessica (D:2)
  2 goblins (D:2)
  A frilled lizard (D:2)
  A rat (D:2)
5 creatures vanquished.

Grand Total: 40 creatures vanquished

Notes
Turn   | Place    | Note
-------+----------+-------------------------------------------
     0 | D:1      | BadBadger the Draconian Transmuter began the quest for the
                  | Orb.
     0 | D:1      | Reached XP level 1. HP: 16/16 MP: 3/3
   215 | D:1      | Reached XP level 2. HP: 11/24 MP: 5/5
   403 | D:1      | Learned a level 2 spell: Sticks to Snakes
   775 | D:2      | Reached XP level 3. HP: 30/30 MP: 6/6
   952 | D:2      | Found a runed translucent door.
   953 | D:2      | Noticed Crazy Yiuf
  1033 | D:2      | Killed Crazy Yiuf
  1114 | D:2      | Found a faded altar of an unknown god.
  1116 | D:2      | Became a worshipper of Elyvilon the Healer
  1116 | D:2      | Reached * piety under Elyvilon
  1305 | D:2      | Reached skill level 4 in Unarmed Combat
  1332 | D:2      | Found a shimmering blue altar of Sif Muna.
  1332 | D:2      | Found a glowing golden altar of the Shining One.
  1360 | D:2      | Noticed Jessica
  1371 | D:2      | Killed Jessica
  1371 | D:2      | Reached XP level 4. HP: 35/38 MP: 7/7
  1428 | D:2      | Found a burning altar of Makhleb.
  1488 | D:3      | Noticed Terence
  1511 | D:3      | Killed Terence
  1536 | D:3      | Noticed an ogre
  1552 | D:3      | Noticed Sigmund
  1558 | D:3      | Elyvilon protects you from harm!
  1561 | D:3      | Mangled by an ogre

Levels and vault maps discovered:
D:1:      dpeg_arrival_circle_labyrinth_a, layout_rooms
D:2:      layout_rooms, nicolae_overflow_hidden_temple,
          gammafunk_temple_overflow_wave, chequers_ecumenical_altar_twisty,
          first_ration, uniq_crazy_yiuf_cottage, uniq_jessica
D:3:      layout_loops_cross, lightli_temple_of_fire, small_statue_intersection,
          uniq_terence, uniq_sigmund

Skill      XL: |  1  2  3 |
---------------+----------+-----
Fighting       | 2 3 |  3.4
Unarmed Combat | 4 |  4.2
Dodging        | |  1.7
Spellcasting   | |  2.0
Transmutations | |  2.0

Action                   |  1- 3 |  4- 6 || total
-------------------------+-------+-------++-------
Melee: Unarmed           |   113 |     7 ||   120
       Tailslap          |    14 |     1 ||    15
       Headbutt          |     4 |       ||     4
       Kick              |     1 |       ||     1
 Cast: Beastly Appendage |     6 |     1 ||     7
       Sticks to Snakes  |    17 |     4 ||    21
  Use: Potion            |       |     2 ||     2
  Eat: Chunk             |     3 |     1 ||     4
Armor: Skin              |    32 |     6 ||    38
Dodge: Dodged            |    96 |    11 ||   107
